 Dungeon Crawl Stone Soup version 0.29-a0-297-g7659ce593d (webtiles) character file.

Game seed: 1519187473944414039

1903 Armakuni the Cruncher (level 9, -1/68 HPs)
             Began as a Human Wanderer on Mar 20, 2022.
             Slain by an iguana (7 damage)
             ... on level 6 of the Dungeon.
             The game lasted 00:14:54 (6966 turns).

Armakuni the Cruncher (Human Wanderer)              Turns: 6966, Time: 00:14:55

Health: -1/68      AC:  8    Str: 16    XL:     9   Next: 38%
Magic:  10/10      EV: 10    Int: 10    God:
Gold:   451        SH:  0    Dex: 16    Spells: 9/10 levels left

rFire   . . .      SeeInvis .   b - +1 lajatang
rCold   . . .      Faith    .   (shield currently unavailable)
rNeg    . . .      Spirit   .   q - +0 scale mail
rPois   .          Reflect  .   d - +1 helmet
rElec   .          Harm     .   e - scarf {+Inv}
rCorr   .          Rampage  .   (no gloves)
Will    .....                   (no boots)
Stlth   ..........              (no amulet)
HPRegen 0.21/turn               (no ring)
MPRegen 0.12/turn               (no ring)

@: studying Slings
A: no striking features
a: Evoke Invisibility


You were on level 6 of the Dungeon.
You visited 1 branch of the dungeon, and saw 6 of its levels.
You also visited: Ossuary.

You collected 479 gold pieces.
You spent 28 gold pieces at shops.

Inventory:

Hand Weapons
 a - a +2 trident
 b - a +1 lajatang (weapon)
 h - a +0 hunting sling
Missiles
 k - 19 poisoned darts
Armour
 d - a +1 helmet (worn)
 e - a scarf of invisibility (worn)
 i - a +0 buckler
 q - a +0 scale mail (worn)
Jewellery
 m - a ring of ice
 J - a ring of ice
 M - an amulet of magic regeneration
Wands
 l - a wand of paralysis (6)
 n - a wand of acid (4)
Scrolls
 c - a scroll of teleportation
 o - a scroll of summoning
 s - 3 scrolls of vulnerability
 t - 3 scrolls of identify
Potions
 f - 4 potions of curing
 p - 2 potions of heal wounds {unknown}
Miscellaneous
 r - a phial of floods


   Skills:
 - Level 5.0 Fighting
 - Level 2.0(7.3) Polearms
 + Level 11.0(11.1) Staves
 - Level 2.0 Armour
 - Level 2.0 Dodging
 - Level 0.6 Shields
 - Level 1.0 Spellcasting
 - Level 2.0 Ice Magic


You had 9 spell levels left.
You knew the following spells:

 Your Spells              Type           Power      Damage    Failure   Level
a - Freeze                Ice            16%        1d4       50%         1

Your spell library contained the following spells:

 Spells                   Type           Power      Damage    Failure   Level
 Beastly Appendage        Tmut           0%         N/A       77%         1
 Shock                    Conj/Air       0%         1d3       77%         1
 Slow                     Hex            0%         N/A       77%         1
 Ensorcelled Hibernation  Hex/Ice        4%         N/A       77%         2
 Frozen Ramparts          Ice            8%         1d2       86%         3
 Passwall                 Tmut/Erth      0%         N/A       88%         2
 Wereblood                Tmut           0%         N/A       88%         2
 Confusing Touch          Hex            0%         N/A       98%         3
 Spider Form              Tmut/Pois      0%         N/A       98%         3
 Swiftness                Air            0%         N/A       98%         3
 Vampiric Draining        Necr           0%         2d6       98%         3
 Airstrike                Air            0%         N/A       100%        4


Dungeon Overview and Level Annotations

Branches:
Dungeon (6/15)            Ossuary (visited)
 Temple: D:4-7

Altars:

Shops:
D:1 [   D:3 *!


Message History

The centaur misses you.
You slice the centaur!!
You kill the centaur!
The electric eel shoots out a bolt of lightning at you!
The bolt of electricity hits you.
* * * LOW HITPOINT WARNING * * *
A bullfrog comes into view.
The bullfrog croaks.
You are too injured to fight recklessly!
You closely miss the bullfrog. The bullfrog barely misses you.
You slash the bullfrog!
The bullfrog is severely wounded.
The bullfrog misses you.
You hit the bullfrog.
The bullfrog is almost dead.
The bullfrog hits you but does no damage.
You barely miss the bullfrog.
The bullfrog is almost dead.
The bullfrog hits you but does no damage.
The bullfrog misses you.
You hit the bullfrog.
You kill the bullfrog!
Your Staves skill increases to level 11!
You completely miss the iguana. You closely miss the iguana.
The iguana closely misses you.
You hit the iguana.
The iguana is lightly wounded.
The iguana bites you!
* * * LOW HITPOINT WARNING * * *
You hit the iguana but do no damage.
The iguana is lightly wounded.
The iguana misses you.
You barely miss the iguana.
The iguana is lightly wounded.
The iguana bites you!
* * * LOW HITPOINT WARNING * * *
You hit the iguana.
The iguana is moderately wounded.
The iguana bites you!
You die...

.........#.......#
#.#
########.#.......##
#.# #..##......#
#.# #..##.#.##.#
#...#.#.# .#
#.#.#.#.##.#.##
#.#...#........
#.....#l†#...## ##
#.....#@.# ###
..#.....#..#
#.#.###.#..#
....#......#
#.#.#.#.#..#
#.#.#.#....#
#.#...##...#
#.#.####...#
#............


You could see an iguana.

Vanquished Creatures
  Grinder (D:5)
  Sigmund (D:3)
  A vampire mosquito (D:6)
  A black bear (D:5)
  An ogre (D:5)
  A centaur (D:6)
  2 elf zombies (Ossuary)
  A bullfrog (D:6)
  A necrophage (D:4)
  2 scorpions
  An electric eel (D:6)
  2 human zombies (Ossuary)
  A jelly (D:4)
  5 hounds
  An orc priest (D:5)
  Jessica (D:3)
  4 iguanas
  An orc wizard (D:6)
  2 mummies (Ossuary)
  A gnoll (D:1)
  8 adders
  An ufetubus (D:2)
  A worm (D:2)
  6 dart slugs
  16 orcs
  6 endoplasms
  4 giant cockroaches
  16 goblins
  10 hobgoblins
  8 jackals
  15 kobolds
  5 quokkas
  9 ball pythons
  3 bats
  A frilled lizard (D:3)
  2 gnoll zombies (Ossuary)
  A goblin zombie (Ossuary)
  4 hobgoblin zombies (Ossuary)
  3 orc zombies (Ossuary)
  4 rats
154 creatures vanquished.

Vanquished Creatures (collateral kills)
  4 gnolls (D:5)
  An ufetubus (D:5)
5 creatures vanquished.

Vanquished Creatures (others)
  A white imp (D:6)
1 creature vanquished.

Grand Total: 160 creatures vanquished

Notes
Turn   | Place    | Note
-------+----------+-------------------------------------------
     0 | D:1      | Armakuni the Human Wanderer began the quest for the Orb.
     0 | D:1      | Armakuni set off with the following items: a +1 trident, a
                  | potion of invisibility, a +0 leather armour; and the
                  | following spell memorised: Freeze; and the following spells
                  | available to memorise: Frozen Ramparts
     0 | D:1      | Reached XP level 1. HP: 21/21 MP: 2/2
    18 | D:1      | Reached skill level 1 in Armour
    18 | D:1      | Reached skill level 1 in Dodging
    18 | D:1      | Reached XP level 2. HP: 27/27 MP: 3/3
   355 | D:1      | Found Jaatinwe's Armour Boutique.
   396 | D:1      | Reached XP level 3. HP: 33/33 MP: 4/4
   767 | D:1      | Found a faded altar of an unknown god.
  1197 | D:2      | Reached skill level 1 in Staves
  1197 | D:2      | Reached XP level 4. HP: 39/39 MP: 5/5
  1729 | D:3      | Reached skill level 2 in Staves
  2105 | D:3      | Noticed Sigmund
  2120 | D:3      | Killed Sigmund
  2121 | D:3      | Reached skill level 4 in Staves
  2121 | D:3      | Reached XP level 5. HP: 20/44 MP: 6/6
  2121 | D:3      | Reached XP level 6. HP: 23/51 MP: 7/7
  2520 | D:3      | Noticed Jessica
  2534 | D:3      | Killed Jessica
  2535 | D:3      | Reached skill level 5 in Staves
  2691 | D:3      | Found Hiduet's Assorted Antiques.
  2708 | D:3      | Bought a scroll labelled FEVVEF XORIYRO for 28 gold pieces
  2799 | D:3      | Found Kodut's Distillery.
  3019 | D:4      | Found a sand-covered staircase.
  3023 | Ossuary  | Entered an ossuary
  3121 | Ossuary  | Reached XP level 7. HP: 17/56 MP: 8/8
  3136 | Ossuary  | Reached skill level 6 in Staves
  4243 | D:4      | Reached skill level 7 in Staves
  4988 | D:4      | Reached XP level 8. HP: 62/62 MP: 9/9
  5211 | D:5      | Entered Level 5 of the Dungeon
  5237 | D:5      | Reached skill level 8 in Staves
  5513 | D:5      | Noticed Grinder
  5533 | D:5      | Paralysed by Grinder for 3 turns
  5539 | D:5      | Paralysed by Grinder for 2 turns
  5549 | D:5      | Paralysed by Grinder for 7 turns
  5673 | D:5      | Killed Grinder
  5674 | D:5      | Reached skill level 9 in Staves
  6065 | D:5      | Reached XP level 9. HP: 68/68 MP: 10/10
  6375 | D:6      | Reached skill level 10 in Staves
  6961 | D:6      | Reached skill level 11 in Staves
  6966 | D:6      | Slain by an iguana

Illustrated notes

Levels and vault maps discovered:
D:1:      scummos_arrival_forest, layout_basic, serial_shops,
          nicolae_shop_advertising_works [nicolae_subvault_shop_adworks],
          basic_ecumenical_altar
D:2:      layout_loops_ring, minmay_pentomino_p2
D:3:      minmay_octagon_keep, layout_loops_cross, serial_shops,
          nicolae_shop_hallway_stairs, nicolae_shop_hallway_stairs,
          kennysheep_generic_room_2, uniq_jessica, uniq_sigmund
D:4:      kennysheep_spiral_hall, layout_rooms,
          nicolae_ossuary_entry_false_entrances, nicolae_figureground_sparkle
D:5:      layout_loops_ring, uniq_grinder
D:6:      minmay_goblin_kobold_castle, layout_basic,
          mainiacjoe_overflow_cross_hatched, minmay_holes, minmay_manual_moon

Skill      XL: |  1  2  3  4  5  6  7  8  9 |
---------------+----------------------------+-----
Armour         | 1 2 |  2.0
Dodging        | 1 2 |  2.0
Staves         | 1 4 5 7 9 11 | 11.0
Fighting       | |  5.0
Polearms       | |  2.0
Shields        | |  0.6
Spellcasting   | |  1.0
Ice Magic      | |  2.0

Action                   |  1- 3 |  4- 6 |  7- 9 || total
-------------------------+-------+-------+-------++-------
Melee: Trident           |    67 |   146 |   188 ||   401
       Lajatang          |       |       |    87 ||    87
Evoke: Wand              |       |     3 |    14 ||    17
  Use: Potion            |     1 |     4 |     1 ||     6
       Scroll            |     3 |     5 |     5 ||    13
 Stab: Sleeping          |     2 |     2 |     1 ||     5
       Paralysed         |       |     8 |     5 ||    13
Armor: Leather armour    |     7 |    48 |    21 ||    76
       Ring mail         |       |       |    33 ||    33
       Scale mail        |       |       |    48 ||    48
Dodge: Dodged            |    34 |    72 |   150 ||   256
Block: Buckler           |     1 |    21 |    23 ||    45

Table legend: (Time is in decaauts)
 A = Elapsed time spent in this place.
 B = Non-inter-level travel time spent in this place.
 C = Inter-level travel time spent in this place.
 D = Time resting spent in this place.
 E = Time spent auto-exploring this place.
 F = Levels seen in this place.
 G = Mean time per level.
                   A        B        C        D        E       F      G
               +--------+--------+--------+--------+--------+-----+--------+
         Total |   7015 |   6919 |     96 |   1977 |   3478 |   7 | 1002.1 |
       Dungeon |   6064 |   5968 |     96 |   1375 |   3289 |   6 | 1010.7 |
       Ossuary |    951 |    951 |      0 |    602 |    189 |   1 |  951.0 |
               +--------+--------+--------+--------+--------+-----+--------+

Top non-repeatable levels by time:
     D:4: 1472 daAuts
     D:3: 1222 daAuts
     D:5: 1040 daAuts
 Ossuary: 951 daAuts
     D:1: 905 daAuts
     D:2: 821 daAuts
     D:6: 601 daAuts
